 Dungeon Crawl Stone Soup version 0.18.1-48-g4cf74bf (webtiles) character file.

629 Inkary the Skirmisher (level 7, -3/63 HPs)
             Began as a Hill Orc Fighter on Aug 25, 2016.
             Was a Follower of Okawaru.
             Slain by a gnoll
             ... wielding a +0 halberd of pain
              (7 damage)
             ... on level 5 of the Dungeon.
             The game lasted 00:07:21 (4241 turns).

Inkary the Skirmisher (Hill Orc Fighter)            Turns: 4241, Time: 00:07:22

Health: -3/63      AC:  9    Str: 19    XL:     7   Next: 48%
Magic:  7/7        EV:  2    Int:  8    God:    Okawaru [*.....]
Gold:   90         SH: 10    Dex: 12    Spells: 0 memorised, 6 levels left

rFire  . . .     SeeInvis .     B - +0 war axe
rCold  . . .     Gourm    .     b - +1 scale mail
rNeg   . . .     Faith    .     c - +0 shield
rPois  +         Spirit   .     (no helmet)
rElec  .         Dismiss  .     e - +0 cloak (curse)
rCorr  .         Reflect  .     (no gloves)
SustAt .         Harm     .     (no boots)
MR     .....     Rnd*Tele +     (no amulet)
Stlth  ..........               v - ring of teleportation (curse)
                                m - ring of poison resistance

@: not resistant to hostile enchantments, extremely unstealthy
A: high mp 1
a: Heroism, Renounce Religion


You were on level 5 of the Dungeon.
You worshipped Okawaru.
Okawaru was aware of your devotion.
You were not hungry.

You visited 1 branch of the dungeon, and saw 5 of its levels.

You collected 90 gold pieces.

Inventory:

Hand Weapons
 B - a +0 war axe (weapon)
Missiles
 k - 4 tomahawks of returning (quivered)
Armour
 b - a +1 scale mail (worn)
 c - a +0 shield (worn)
 e - a cursed +0 cloak (worn)
Jewellery
 m - a ring of poison resistance (left hand)
 v - a cursed ring of teleportation (right hand)
 A - an uncursed amulet of dismissal
Wands
 x - a wand of confusion (28/48)
Scrolls
 n - a scroll of remove curse {unknown}
Potions
 d - a potion of might
 g - a potion of flight {unknown}
 h - 2 potions of heal wounds
 i - a potion of berserk rage {unknown}
 j - a potion of mutation {unknown}
 o - 3 potions of cure mutation
 s - a potion of resistance
 t - a potion of lignification
 u - 2 potions of agility
 w - a potion of curing
 z - a potion of brilliance
Books
 l - an Akashic Record

   Spells                             Type                      Level
   a - Dispersal                      Translocation                6
   b - Malign Gateway                 Summoning/Translocation      7
   c - Disjunction                    Translocation                8
   d - Controlled Blink               Translocation                8
Comestibles
 f - 3 bread rations
 p - a meat ration


   Skills:
 + Level 6.1 Fighting
 + Level 5.8 Axes
 + Level 5.3 Armour
 + Level 5.2 Shields


You had 6 spell levels left.
You didn't know any spells.

Dungeon Overview and Level Annotations

Branches:
Dungeon (5/15)
 Temple: D:4-7

Altars:
Cheibriados
Elyvilon
Fedhas
Okawaru
Ru
Sif Muna
Xom
The Shining One


Innate Abilities, Weirdness & Mutations

You have an increased reservoir of magic (+10% MP).


Message History

The adder bites you but does no damage.
You hit the adder.
The adder is almost dead.
The adder bites you but does no damage.
The gnoll hits you from afar with a halberd of pain!
* * * LOW HITPOINT WARNING * * *
You writhe in agony.
You closely miss the adder.
The adder is almost dead.
The adder bites you but does no damage. You block the gnoll's attack.
The adder bites you but does no damage.
Unknown command.
You hit the adder.
You kill the adder!
Okawaru accepts your kill.
The gnoll hits you from afar with a halberd of pain!
* * * LOW HITPOINT WARNING * * *
There is a stone staircase leading up here.
The gnoll hits you from afar with a halberd of pain!
You die...

#...........
#...........
#............
#............
#.# ... #g#
....
#g###.....
#.........
#.@.......
#.........
...........
..........#..
#..........#
.
#..........#
#..........#
#......=...#


You could see 2 gnolls.

Vanquished Creatures
  A sky beast (D:4)
  An ogre (D:4)
  A giant frog skeleton (D:3)
  Crazy Yiuf (D:4)
  An iguana (D:4)
  Ijyb (D:2)
  Natasha (thrice) (D:4)
  An orc wizard (D:4)
  A worker ant zombie (D:5)
  11 gnolls
  5 adders
  An ooze (D:3)
  5 worms
  2 dart slugs
  5 giant geckos
  4 orcs (D:4)
  3 giant cockroaches
  4 goblins
  9 hobgoblins
  3 jackals (D:1)
  3 quokkas
  6 bats
  2 giant newts
  8 kobolds
  3 rats
85 creatures vanquished.

Notes
Turn   | Place    | Note
--------------------------------------------------------------
     0 | D:1      | Inkary the Hill Orc Fighter began the quest for the Orb.
     0 | D:1      | Reached XP level 1. HP: 19/19 MP: 1/1
   136 | D:1      | Reached XP level 2. HP: 18/27 MP: 2/2
   276 | D:1      | Reached skill level 4 in Fighting
   276 | D:1      | Reached XP level 3. HP: 28/33 MP: 3/3
   567 | D:2      | Found a deep blue altar of Sif Muna.
   686 | D:2      | Found a shimmering altar of Xom.
   687 | D:2      | Found a blossoming altar of Fedhas.
   713 | D:2      | Found a sacrificial altar of Ru.
   713 | D:2      | Found a glowing golden altar of the Shining One.
   761 | D:2      | Reached XP level 4. HP: 40/40 MP: 4/4
   865 | D:2      | Found a white marble altar of Elyvilon.
   880 | D:2      | Noticed Ijyb
   902 | D:2      | Killed Ijyb
   902 | D:2      | Reached XP level 5. HP: 18/47 MP: 5/5
   923 | D:2      | Found a snail-covered altar of Cheibriados.
  1030 | D:2      | Found an iron altar of Okawaru.
  1096 | D:2      | Became a worshipper of Warmaster Okawaru
  1538 | D:3      | Reached skill level 5 in Fighting
  1833 | D:3      | Gained mutation: You have an increased reservoir of magic (+10% MP). [potion of beneficial mutation]
  2086 | D:3      | Reached XP level 6. HP: 47/56 MP: 6/6
  2714 | D:4      | Reached skill level 5 in Axes
  2922 | D:4      | Noticed a sky beast
  3065 | D:4      | Noticed Crazy Yiuf
  3161 | D:4      | Killed a sky beast
  3161 | D:4      | Reached * piety under Okawaru
  3161 | D:4      | Reached skill level 5 in Armour
  3161 | D:4      | Reached skill level 5 in Shields
  3161 | D:4      | Reached XP level 7. HP: 46/61 MP: 7/7
  3210 | D:4      | Noticed Natasha
  3561 | D:4      | Killed Natasha
  3784 | D:4      | Noticed Natasha
  3790 | D:4      | Killed Crazy Yiuf
  3792 | D:4      | Killed Natasha
  4202 | D:4      | Noticed Natasha
  4210 | D:4      | Killed Natasha
  4210 | D:4      | Reached skill level 6 in Fighting
  4216 | D:5      | Entered Level 5 of the Dungeon
  4241 | D:5      | Slain by a gnoll

Skill      XL: |  1  2  3  4  5  6  7 |
---------------+----------------------+-----
Axes           | 3 4 5 |  5.8
Fighting       | 4 5 6 |  6.1
Shields        | 4 5 |  5.2
Armour         | 4 5 |  5.3

Action                   |  1- 3 |  4- 6 |  7- 9 || total
-------------------------+-------+-------+-------++-------
Melee: War axe           |    91 |   218 |    56 ||   365
  Use: Potion            |       |     3 |       ||     3
       Scroll            |       |    15 |     1 ||    16
  Eat: Chunk             |       |     6 |       ||     6
       Meat ration       |       |       |     1 ||     1
Armor: Scale mail        |    50 |    91 |    29 ||   170
Dodge: Dodged            |    31 |    58 |    14 ||   103
Block: Shield            |    47 |   121 |    21 ||   189
